 Dungeon Crawl Stone Soup version 0.28-a0-793-g31680bbd8b (webtiles) character file.

Game seed: 5950179372629135780

11061 Astera the Grappler (level 11, -5/96 (100) HPs)
             Began as a Troll Fighter on Nov 1, 2021.
             Was an Elder of Ru.
             Collided with a rock wall (13 damage)
             ... caused by Erica
             ... on level 10 of the Dungeon on Nov 5, 2021.
             The game lasted 00:44:43 (8756 turns).

Astera the Grappler (Troll Fighter)                 Turns: 8756, Time: 00:44:43

HP:   -5/96 (100)   AC: 12    Str: 26    XL:     11   Next: 44%
MP:   10/10         EV: 12    Int:  4    God:    Ru [****..]
Gold: 551           SH: 15    Dex: 12    Spells: 10/10 levels left

rFire   . . .      SeeInvis .     - Unarmed
rCold   + . .      Faith    .   b - +0 kite shield
rNeg    . . .      Spirit   .   e - +0 troll leather armour
rPois   .          Reflect  +   I - +0 hat {Stlth+}
rElec   .          Harm     .   m - +1 cloak {Will+}
rCorr   .          Rampage  .   (gloves unavailable)
Will    +....                   (boots unavailable)
Stlth   ++........              n - amulet of reflection
HPRegen 2.26/turn               s - ring of protection from cold
MPRegen 0.12/turn               v - +4 ring of protection

@: lightly drained
A: large, unfitting armour, claws 3, regeneration 1, screaming 1, shaggy fur 1,
tough skin 1, inability to use devices, no air magic, no conjurations magic, no
hexes magic, disrupted magic 1
a: Renounce Religion, Draw Out Power, Power Leap


You were on level 10 of the Dungeon.
You worshipped Ru.
Ru was greatly pleased with you.
You visited 1 branch of the dungeon, and saw 10 of its levels.
You also visited: Ossuary.

You collected 551 gold pieces.

Inventory:

Hand Weapons
 l - a +2 quarterstaff of chaos
Missiles
 p - 13 boomerangs (quivered)
 E - 3 throwing nets
Armour
 b - a +0 kite shield (worn)
 e - a +0 troll leather armour (worn)
 m - a +1 cloak of willpower (worn)
 I - a +0 hat of stealth (worn)
Jewellery
 n - an amulet of reflection (around neck)
 s - a ring of protection from cold (left claw)
 v - a +4 ring of protection (right claw)
 A - a ring of see invisible
Scrolls
 f - 3 scrolls of magic mapping
 g - 5 scrolls of teleportation
 i - a scroll of enchant armour {unknown}
 k - a scroll of brand weapon {unknown}
 o - 2 scrolls of immolation {unknown}
 r - 2 scrolls of vulnerability {unknown}
 u - a scroll of fear {unknown}
 y - a scroll of blinking {unknown}
 B - 2 scrolls of summoning {unknown}
 G - a scroll of enchant weapon {unknown}
Potions
 c - a potion of might
 d - 3 potions of lignification
 h - 13 potions of curing
 j - 7 potions of heal wounds
 q - 5 potions of flight
 w - 2 potions of ambrosia {unknown}
 x - 3 potions of attraction
 z - 2 potions of brilliance {unknown}
 C - a potion of magic {unknown}
 D - a potion of mutation {unknown}
 F - a potion of cancellation {unknown}
 H - a potion of resistance {unknown}


   Skills:
 + Level 4.0 Fighting
 + Level 7.6 Dodging
 - Level 0.8 Stealth
 + Level 8.0 Shields
 + Level 12.8 Unarmed Combat


You had 10 spell levels left.
You didn't know any spells.
Your spell library contained the following spells:

 Spells                   Type           Power      Damage    Failure   Level
 Blink                    Tloc           0%         N/A       83%         2
 Lesser Beckoning         Tloc           0%         N/A       96%         3
 Spider Form              Tmut/Pois      0%         N/A       96%         3
 Blade Hands              Tmut           0%         N/A       100%        5
 Excruciating Wounds      Necr           0%         N/A       100%        5
 Manifold Assault         Tloc           0%         N/A       100%        5
 Foxfire                  Conj/Fire      Unusable   2x1d4     N/A         1
 Shock                    Conj/Air       Unusable   1d3       N/A         1
 Ensorcelled Hibernation  Hex/Ice        Unusable   N/A       N/A         2
 Conjure Flame            Conj/Fire      Unusable   6-21      N/A         3
 Inner Flame              Hex/Fire       Unusable   N/A       N/A         3
 Portal Projectile        Hex/Tloc       Unusable   N/A       N/A         3
 Swiftness                Air            Unusable   N/A       N/A         3
 Airstrike                Air            Unusable   N/A       N/A         4
 Cause Fear               Hex            Unusable   N/A       N/A         4
 Flame Wave               Conj/Fire      Unusable   3d3       N/A         4
 Discord                  Hex            Unusable   N/A       N/A         8

Dungeon Overview and Level Annotations

Branches:
Dungeon (10/15)            Temple (0/1) D:7            Lair (0/6) D:8
Ossuary (visited)
    Orc: D:9-12

Altars:
Elyvilon
Gozag
Nemelex Xobeh
Qazlal
Ru
Vehumet
Xom
Zin

Annotations:
D:10 Erica


Innate Abilities, Weirdness & Mutations

You are too large for most types of armour.
You have claws for hands.
Your natural rate of healing is unusually fast.
You occasionally shout uncontrollably at your foes.
You are covered in fur. (AC +1)
You have tough skin. (AC +1)
You cannot study or use magical devices.
You cannot study or cast Air magic.
You cannot study or cast Conjurations magic.
You cannot study or cast Hexes magic.
Your casting is slightly disrupted.


Message History

You feel sick.
You are no longer poisoned.
Erica gestures at you while chanting. The bolt of poison hits you!!
You are poisoned.
You feel very sick.
You feel very sick.
Erica begins to cast a spell, but is stunned by your conviction!
You mangle Erica!!
Erica is moderately wounded.
You feel sick.
Erica hits you with a +4 scimitar of flaming.
* * * LOW HITPOINT WARNING * * *
Erica burns you.
* * * LOW HITPOINT WARNING * * *
You scratch Erica but do no damage.
Erica is moderately wounded.
You feel sick. You block Erica's attack.
You completely miss Erica.
Erica is moderately wounded.
You feel sick.
Erica hits you with a +4 scimitar of flaming!
* * * LOW HITPOINT WARNING * * *
Erica burns you.
* * * LOW HITPOINT WARNING * * *
You feel sick.
An orc wizard comes into view. It is wielding a +0 dagger.
You feel sick.
You feel sick.
You feel less exhausted.
You feel sick.
You feel sick.
You feel sick.
You are no longer poisoned.
Erica points at you and mumbles some strange words.
The lance of force hits you!!
* * * LOW HITPOINT WARNING * * *
You are knocked back by the lance of force.
You slam into the rock wall!
You die...

#######.# #...<.[.#
###'####### ## ###......# #.
#############.'......######.
#.>.........#.#......'...##.
###
#.............#......###..#.
..####...........###......#
##.'( ..o.)......@....@#
#......# ###.
...#########.##### ##+#####
## ...# #.# ...# #.# ...#
..# )..# .## ...# #. ..## #.
..#


You could see Erica.

Vanquished Creatures
  Gastronok (D:9)
  4 two-headed ogres
  Pikel (D:8)
  A troll (D:10)
  15 yaks
  4 water moccasins
  An acid dragon (D:8)
  5 orc warriors
  3 black bears (D:8)
  An ice beast (D:5)
  A necrophage (D:5)
  2 ogres (D:6)
  4 centaurs
  A kobold brigand (D:8)
  3 bullfrogs (D:8)
  A wyvern zombie (D:8)
  5 scorpions
  A water moccasin skeleton (D:7)
  3 wights (D:7)
  6 killer bees
  4 crimson imps (D:4)
  A bullfrog zombie (D:6)
  4 centaur zombies
  3 hounds
  A human zombie (Ossuary)
  Crazy Yiuf (D:2)
  7 orc priests
  A bullfrog skeleton (D:7)
  Natasha (thrice) (D:2)
  4 iguanas
  5 orc wizards
  2 killer bee zombies (D:7)
  2 ogre zombies (Ossuary)
  2 hound skeletons
  7 mummies (Ossuary)
  7 adders
  4 gnolls (D:8)
  A white imp (D:7)
  An adder skeleton (D:4)
  5 adder zombies (Ossuary)
  A dart slug (D:4)
  29 orcs
  13 endoplasms
  2 giant cockroaches (D:1)
  A gnoll zombie (Ossuary)
  5 goblins
  9 hobgoblins
  4 jackals (D:4)
  13 kobolds
  2 quokkas (D:1)
  11 ball pythons
  5 bats (D:1)
  2 goblin zombies (Ossuary)
  4 hobgoblin zombies (Ossuary)
  2 kobold zombies (Ossuary)
  4 quokka zombies (Ossuary)
  7 rats
  6 rat zombies (Ossuary)
248 creatures vanquished.

Vanquished Creatures (others)
  A skeletal warrior (D:6)
  A water moccasin (D:5)
  An orc warrior (D:9)
  An orc priest (D:8)
  An orc (D:5)
  23 fungi
  17 plants (D:8)
45 creatures vanquished.

Grand Total: 293 creatures vanquished

Notes
Turn   | Place    | Note
-------+----------+-------------------------------------------
     0 | D:1      | Astera the Troll Fighter began the quest for the Orb.
     0 | D:1      | Reached XP level 1. HP: 22/22 MP: 0/0
   125 | D:1      | Reached XP level 2. HP: 29/29 MP: 1/1
   536 | D:2      | Found a glowing silver altar of Zin.
   834 | D:2      | Reached XP level 3. HP: 36/36 MP: 2/2
   938 | D:2      | Noticed Natasha
   944 | D:2      | Killed Natasha
  1173 | D:2      | Found a runed translucent door.
  1174 | D:2      | Noticed Crazy Yiuf
  1200 | D:2      | Found a faded altar of an unknown god.
  1205 | D:2      | Prayed at the altar of an unknown god.
  1205 | D:2      | Became a worshipper of Ru the Awakened
  1209 | D:2      | Gained mutation: You cannot study or use magical devices.
                  | [Ru sacrifice]
  1209 | D:2      | Reached * piety under Ru
  1209 | D:2      | Reached ** piety under Ru
  1290 | D:2      | Killed Crazy Yiuf
  1291 | D:2      | Reached XP level 4. HP: 44/44 MP: 3/3
  1298 | D:2      | Upgraded the game from 0.28-a0-771-g91a516d0e7 to
                  | 0.28-a0-793-g31680bbd8b
  1342 | D:2      | Noticed Natasha
  1353 | D:2      | Killed Natasha
  1354 | D:2      | Reached skill level 3 in Unarmed Combat
  1376 | D:2      | Noticed Natasha
  1384 | D:2      | Killed Natasha
  1385 | D:2      | Reached XP level 5. HP: 50/52 MP: 4/4
  1673 | D:3      | Reached skill level 4 in Unarmed Combat
  2088 | D:4      | Reached XP level 6. HP: 47/59 MP: 5/5
  2639 | D:4      | Found a shimmering altar of Xom.
  2664 | D:4      | Reached skill level 5 in Unarmed Combat
  2665 | D:4      | Reached XP level 7. HP: 64/66 MP: 6/6
  3098 | D:5      | Entered Level 5 of the Dungeon
  3266 | D:5      | Noticed an air elemental
  3268 | D:5      | Found a stormy altar of Qazlal.
  3275 | D:5      | Identified the +6 chain mail "Fyomueda" {Dex+7}
  3287 | D:5      | Noticed a fire elemental
  3287 | D:5      | Noticed a water elemental
  3351 | D:5      | Reached skill level 6 in Unarmed Combat
  3466 | D:5      | Reached XP level 8. HP: 75/75 MP: 7/7
  3490 | D:5      | Gained mutation: You occasionally shout uncontrollably at
                  | your foes. [Ru sacrifice]
  4124 | D:6      | Found a sand-covered staircase.
  4133 | Ossuary  | Entered an ossuary
  4306 | Ossuary  | Reached skill level 7 in Unarmed Combat
  4522 | Ossuary  | Reached skill level 5 in Shields
  4677 | D:6      | Reached skill level 8 in Unarmed Combat
  4682 | D:6      | Reached skill level 5 in Dodging
  4695 | D:6      | Reached XP level 9. HP: 70/81 MP: 8/8
  4746 | D:6      | Reached skill level 9 in Unarmed Combat
  5281 | D:7      | Noticed a skeletal warrior
  5282 | D:7      | Noticed a two-headed ogre
  5283 | D:7      | Noticed a seven-headed hydra
  5554 | D:6      | Killed a two-headed ogre
  5555 | D:6      | Reached skill level 10 in Unarmed Combat
  6156 | D:6      | Killed a skeletal warrior
  6157 | D:6      | Reached XP level 10. HP: 45/91 MP: 9/9
  6271 | D:7      | Found a staircase to the Ecumenical Temple.
  6285 | D:7      | Gained mutation: Your casting is slightly disrupted. [Ru
                  | sacrifice]
  6285 | D:7      | Reached *** piety under Ru
  6426 | D:7      | Found an opulent altar of Gozag.
  6426 | D:7      | Found a white marble altar of Elyvilon.
  6586 | D:8      | Noticed a two-headed ogre
  6605 | D:8      | Killed a two-headed ogre
  6678 | D:8      | Found a staircase to the Lair.
  6693 | D:8      | Reached skill level 11 in Unarmed Combat
  6784 | D:8      | Noticed Pikel
  6808 | D:8      | Killed Pikel
  7507 | D:9      | Noticed a two-headed ogre
  7520 | D:8      | Killed a two-headed ogre
  7572 | D:9      | Reached skill level 12 in Unarmed Combat
  7607 | D:9      | Noticed Gastronok
  7634 | D:9      | Killed Gastronok
  7635 | D:9      | Reached XP level 11. HP: 80/98 MP: 10/10
  7918 | D:9      | Noticed a two-headed ogre
  7923 | D:9      | Killed a two-headed ogre
  7960 | D:9      | Found a sparkling altar of Nemelex Xobeh.
  8188 | D:9      | Gained mutation: You cannot study or cast Air magic. [Ru
                  | sacrifice]
  8188 | D:9      | Gained mutation: You cannot study or cast Hexes magic. [Ru
                  | sacrifice]
  8188 | D:9      | Gained mutation: You cannot study or cast Conjurations
                  | magic. [Ru sacrifice]
  8188 | D:9      | Reached **** piety under Ru
  8198 | D:9      | Found a radiant altar of Vehumet.
  8453 | D:10     | Entered Level 10 of the Dungeon
  8722 | D:10     | Noticed Erica
  8756 | D:10     | Collided with a rock wall

Illustrated notes

Levels and vault maps discovered:
D:1:      minmay_arrival_stone_box, layout_basic, minmay_tromino_v4_c
D:2:      minmay_wonky_spiral, layout_loops_ring, basic_altar,
          shapermc_ecumenical_altar_petra, uniq_crazy_yiuf_cottage, uniq_natasha
D:3:      layout_loops_ring
D:4:      layout_basic, led_xom_imps, st_stairs_4
D:5:      layout_basic, nicolae_qazlal_style_of_elements
D:6:      layout_loops_corners, lightli_ossuary_entry_decrepit_ruins
D:7:      layout_rooms, gammafunk_temple_overflow_elements,
          minmay_temple_entry_sparse_star, minmay_chambers_of_fives
D:8:      layout_gridville, due_lair_maze_entry_diamond, uniq_pikel
D:9:      layout_irregular_city, mainiacjoe_overflow_catch_the_wave,
          uniq_gastronok
D:10:     layout_roguey, nicolae_sif_muna_little_library, fungi_pond_lemuel,
          kennysheep_generic_room_5, uniq_erica

Skill      XL: |  1  2  3  4  5  6  7  8  9 10 11 |
---------------+----------------------------------+-----
Dodging        | 3 4 5 6 7 |  7.6
Shields        | 3 4 5 6 7 8 |  8.0
Unarmed Combat | 3 4 5 6 8 10 12 | 12.8
Fighting       | 3 4 |  4.0
Stealth        | |  0.8

Action                   |  1- 3 |  4- 6 |  7- 9 | 10-12 || total
-------------------------+-------+-------+-------+-------++-------
Melee: Unarmed           |    92 |   173 |   322 |   239 ||   826
Invok: Sacrifice Artific |     1 |       |       |       ||     1
       Sacrifice Purity  |       |       |     1 |       ||     1
       Sacrifice Essence |       |       |       |     1 ||     1
       Draw Out Power    |       |       |       |     1 ||     1
       Sacrifice Arcana  |       |       |       |     1 ||     1
  Use: Scroll            |       |       |     2 |     6 ||     8
 Stab: Sleeping          |       |     1 |     5 |     1 ||     7
       Distracted        |       |       |     1 |       ||     1
       Invisible         |       |       |     1 |       ||     1
Armor: Robe              |    23 |    22 |    65 |    52 ||   162
Dodge: Dodged            |    31 |    44 |    79 |    91 ||   245
Block: Kite shield       |    31 |    94 |   173 |   164 ||   462
       Reflection        |       |       |     5 |       ||     5

Table legend: (Time is in decaauts)
 A = Elapsed time spent in this place.
 B = Non-inter-level travel time spent in this place.
 C = Inter-level travel time spent in this place.
 D = Time resting spent in this place.
 E = Time spent auto-exploring this place.
 F = Levels seen in this place.
 G = Mean time per level.
                   A        B        C        D        E       F      G
               +--------+--------+--------+--------+--------+-----+--------+
         Total |   8747 |   8145 |    602 |    259 |   4725 |  11 |  795.2 |
       Dungeon |   8348 |   7746 |    602 |    259 |   4678 |  10 |  834.8 |
       Ossuary |    398 |    398 |      0 |      0 |     47 |   1 |  398.0 |
               +--------+--------+--------+--------+--------+-----+--------+

Top non-repeatable levels by time:
     D:6: 1396 daAuts
     D:8: 1070 daAuts
     D:5: 1033 daAuts
     D:4: 1027 daAuts
     D:2: 870 daAuts
     D:9: 826 daAuts
     D:3: 687 daAuts
     D:7: 608 daAuts
     D:1: 535 daAuts
 Ossuary: 398 daAuts
    D:10: 292 daAuts
